 Dungeon Crawl Stone Soup version 0.31-a0-925-g0a390f2509 (webtiles) character file.

Game seed: 11871293287626694457

1374 pokeman the Thaumaturge (level 8, -8/44 HPs)
             Began as a Deep Elf Hedge Wizard on Oct 18, 2023.
             Mangled by an ice beast (13 damage)
             ... on level 6 of the Dungeon.
             The game lasted 00:13:53 (5425 turns).

pokeman the Thaumaturge (Deep Elf Hedge Wizard)     Turns: 5425, Time: 00:13:54

Health: -8/44      AC:  2    Str: 13    XL:     8   Next: 39%
Magic:  15/23      EV: 13    Int: 22    God:
Gold:   364        SH:  0    Dex: 14    Spells: 15/26 levels left

rFire   . . .        s - +2 dagger (venom)
rCold   . . .        (no shield)
rNeg    . . .        b - +0 robe
rPois   .            c - +0 hat
rElec   .            (no cloak)
rCorr   .            (no gloves)
SInv    .            (no boots)
Will    .....        q - amulet of the acrobat
Stlth   ++           B - +6 ring of strength
HPRegen 0.27/turn    (no ring)
MPRegen 0.18/turn

%: acrobat
@: on blink cooldown
A: no striking features
a: no special abilities


You were on level 6 of the Dungeon.
You visited 2 branches of the dungeon, and saw 7 of its levels.
You also visited: Sewer.

You collected 364 gold pieces.

Inventory:

Hand Weapons
 s - a +2 dagger of venom (weapon)
Armour
 b - a +0 robe (worn)
 c - a +0 hat (worn)
 u - an orb of energy
 y - a +0 pair of boots
Magical Staves
 e - a staff of conjuration
Jewellery
 q - an amulet of the acrobat (around neck)
 B - a +6 ring of strength (left hand)
 D - an amulet of faith
Wands
 A - a wand of flame (12)
Scrolls
 f - 3 scrolls of noise {unknown}
 g - 4 scrolls of revelation {unknown}
 i - 6 scrolls of identify {unknown}
 j - a scroll of enchant weapon {unknown}
 o - 4 scrolls of vulnerability {unknown}
 t - 2 scrolls of amnesia {unknown}
 v - 2 scrolls of fear {unknown}
 x - 2 scrolls of silence {unknown}
 E - a scroll of teleportation {unknown}
Potions
 a - a potion of invisibility {unknown}
 d - a potion of magic
 h - 3 potions of resistance {unknown}
 k - 4 potions of heal wounds
 l - 4 potions of curing
 m - 2 potions of brilliance {unknown}
 n - 2 potions of lignification {unknown}
 p - a potion of attraction {unknown}
 r - 2 potions of might {unknown}
 w - a potion of ambrosia {unknown}
 z - 4 potions of enlightenment
 C - a potion of degeneration {unknown}


   Skills:
 - Level 2.0 Fighting
 + Level 2.4 Armour
 - Level 3.2 Dodging
 - Level 3.1 Stealth
 * Level 9.5 Spellcasting
 + Level 4.9 Conjurations
 - Level 1.1 Summonings
 - Level 1.1 Translocations
 - Level 1.2 Transmutations
 + Level 3.6 Fire Magic
 - Level 1.0 Air Magic
 - Level 1.0 Poison Magic
 - Level 1.0 Evocations


You had 15 spell levels left.
You knew the following spells:

 Your Spells              Type           Power      Damage    Failure   Level
a - Magic Dart            Conj           100%       1d8       1%          1
b - Mephitic Cloud        Conj/Pois/Air  20%        N/A       8%          3
c - Call Imp              Summ           30%        N/A       6%          2
d - Blink                 Tloc           30%        N/A       6%          2
e - Ignite Poison         Fire/Tmut/Pois 19%        N/A       9%          3

Your spell library contained the following spells:

 Spells                   Type           Power      Damage    Failure   Level
 Slow                     Hex            40%        N/A       6%          1
 Cigotuvi's Dreadful Rot  Necr/Pois/Air  26%        N/A       8%          2
 Freezing Cloud           Conj/Ice/Air   9%         6-21      61%         5


Dungeon Overview and Level Annotations

Branches:
Dungeon (6/15)             Temple (1/1) D:5           Sewer (visited)

Altars:
Ashenzari
Elyvilon
Gozag
Hepliaklqana
Okawaru
Ru
The Shining One

Shops:
D:6 [


Message History

You closely miss the ice beast.
The ice beast is severely wounded.
The ice beast barely misses you.
Your cerulean imp hits the ice beast but does no damage.
You closely miss the ice beast.
The ice beast is severely wounded.
The ice beast hits you. The ice beast freezes you!
Your cerulean imp hits the ice beast but does no damage.
You hit the ice beast but do no damage.
The ice beast is severely wounded.
The ice beast hits you.
* * * LOW HITPOINT WARNING * * *
The ice beast freezes you!
* * * LOW HITPOINT WARNING * * *
Your cerulean imp hits the ice beast but does no damage.
Casting: Call Imp (safe; 6% risk of failure)
Confirm with . or Enter, or press ? or * to list all spells.
You blink.
Found a bubbling golden potion and a scroll labelled HUPLUS HEPTU.
Unknown command.
Casting: Blink (safe; 6% risk of failure)
Confirm with . or Enter, or press ? or * to list all spells.
Aiming: Magic Dart (safe; 1% risk of failure)
Press: ? - help, Shift-Dir - straight line, f/p - ice beast
Aim: an ice beast (almost dead, poisoned, ally target, 100% to hit)
The magic dart hits the ice beast but does no damage.
The ice beast is almost dead.
Unknown command.
Casting: Magic Dart (safe; 1% risk of failure)
Confirm with . or Enter, or press ? or * to list all spells.
Aiming: Magic Dart (safe; 1% risk of failure)
Press: ? - help, Shift-Dir - straight line, f/p - ice beast
Aim: an ice beast (almost dead, poisoned, ally target, 100% to hit)
The magic dart hits the ice beast but does no damage.
The ice beast is almost dead.
Your cerulean imp closely misses the ice beast.
The ice beast hits you.
* * * LOW HITPOINT WARNING * * *
The ice beast freezes you!
You die...

#.#.##.....#######.##+#
######.######.# #..).#
#...........### ######
#.####.####.# #.......#
# #.##.##.#.# ..
#.#..5#.#.#..?.
...._..Y...!...
#.#...#@#. #.##.##.#.#
# .....# # #.#### #####
..... ....# #


You could see an ice beast (poisoned, ally target) and a friendly cerulean imp
(summoned).

Vanquished Creatures
  2 water moccasins
  An ogre (D:4)
  A centaur (D:6)
  3 kobold brigands
  2 scorpions (D:5)
  A hound (D:4)
  2 orc priests
  A gnoll bouda (D:6)
  3 jellies
  4 orc wizards (D:5)
  4 iguanas
  7 gnolls
  6 adders
  2 river rats (Sewer)
  3 worms
  6 dart slugs
  13 orcs
  7 endoplasms
  4 giant cockroaches
  4 hobgoblins
  2 jackals (Sewer)
  17 kobolds
  A quokka (D:5)
  10 ball pythons
  7 bats
  4 frilled lizards
  6 goblins
  10 rats
  A spectral orc (D:4)
134 creatures vanquished.

Notes
Turn   | Place    | Note
-------+----------+-------------------------------------------
     0 | D:1      | pokeman the Deep Elf Hedge Wizard began the quest for the
                  | Orb.
     0 | D:1      | Reached XP level 1. HP: 10/10 MP: 7/7
   135 | D:1      | Reached XP level 2. HP: 16/16 MP: 3/9
   557 | D:1      | Reached skill level 5 in Spellcasting
   888 | D:2      | Reached XP level 3. HP: 8/20 MP: 2/11
   892 | D:2      | Learned a level 3 spell: Mephitic Cloud
   895 | D:2      | Learned a level 2 spell: Call Imp
   898 | D:2      | Learned a level 2 spell: Blink
   902 | D:2      | Learned a level 3 spell: Ignite Poison
  1513 | D:3      | Reached skill level 1 in Fighting
  1797 | D:3      | Reached skill level 1 in Armour
  1940 | D:3      | Reached XP level 4. HP: 25/25 MP: 8/13
  2037 | D:3      | Found a broken altar of Ashenzari.
  2314 | D:3      | Found an iron altar of Okawaru.
  2338 | D:3      | Noticed a water moccasin
  2343 | D:3      | Killed a water moccasin
  2344 | D:3      | Reached skill level 6 in Spellcasting
  2344 | D:3      | Reached XP level 5. HP: 13/29 MP: 1/15
  2506 | D:3      | Found a white marble altar of Elyvilon.
  2902 | D:4      | Noticed an ogre
  2915 | D:4      | Killed an ogre
  2916 | D:4      | Reached skill level 1 in Transmutations
  2916 | D:4      | Reached XP level 6. HP: 34/34 MP: 2/17
  3212 | D:4      | Found a hazy altar of Hepliaklqana.
  3383 | D:5      | Entered Level 5 of the Dungeon
  3418 | D:4      | Reached skill level 7 in Spellcasting
  3633 | D:5      | Reached skill level 1 in Poison Magic
  3653 | D:5      | Reached skill level 1 in Fire Magic
  3653 | D:5      | Reached skill level 1 in Air Magic
  3653 | D:5      | Reached skill level 1 in Evocations
  3663 | D:5      | Found a glowing golden altar of the Shining One.
  3696 | D:5      | Reached XP level 7. HP: 38/38 MP: 13/19
  3769 | D:5      | Found a staircase to the Ecumenical Temple.
  3778 | Temple   | Entered the Ecumenical Temple
  3885 | D:5      | HP: 1/35 [orc/+2 dagger of draining (1)]
  3982 | D:5      | Found a glowing drain.
  4017 | Sewer    | Entered a sewer
  4166 | Sewer    | Reached skill level 8 in Spellcasting
  4333 | Sewer    | Found a white marble altar of Elyvilon.
  4895 | D:6      | Reached XP level 8. HP: 44/44 MP: 17/22
  5161 | D:6      | Reached skill level 9 in Spellcasting
  5236 | D:6      | Found Gegap's Antique Armour Emporium.
  5405 | D:6      | Found a sacrificial altar of Ru.
  5425 | D:6      | Mangled by an ice beast

Illustrated notes

Levels and vault maps discovered:
D:1:      spicycebolla_arrival_transporter_tutorial, layout_rooms
D:2:      layout_loops_ring
D:3:      layout_basic, mainiacjoe_overflow_brackets, okawaru_metal_pillars_1_2,
          evilmike_ruin_ashenzari, minmay_joined_circles
D:4:      layout_rooms, nicolae_hepliaklqana_monster_ancestors
D:5:      layout_basic, mainiacjoe_overflow_small_starburst,
          minmay_temple_entry_wispy, gup_sewer_entry_bubbles, dk_noncrumbling_3
D:6:      layout_loops_ring, nicolae_ru_sacrificial_ziggurat, serial_shops,
          nicolae_shop_hallway_plus, minmay_misc_feat_roman, nicolae_titane
Temple:   ebering_the_one_and_only

Skill      XL: |  1  2  3  4  5  6  7  8 |
---------------+-------------------------+-----
Spellcasting   | 5 6 7 8 9 |  9.5
Fighting       | 1 2 |  2.0
Conjurations   | 2 3 4 |  4.9
Armour         | 1 2 |  2.4
Dodging        | 3 |  3.2
Stealth        | 3 |  3.1
Transmutations | 1 |  1.2
Poison Magic   | 1 |  1.0
Fire Magic     | 1 2 3 |  3.6
Air Magic      | 1 |  1.0
Evocations     | 1 |  1.0
Summonings     | |  1.1
Translocations | |  1.1

Action                     |  1- 3 |  4- 6 |  7- 9 || total
---------------------------+-------+-------+-------++-------
  Melee: Dagger            |    16 |    28 |   116 ||   160
         Punch             |       |     1 |       ||     1
   Cast: Magic Dart        |    92 |    75 |    61 ||   228
         Mephitic Cloud    |       |     9 |    24 ||    33
         Ignite Poison     |       |     1 |       ||     1
         Blink             |       |     1 |     2 ||     3
         Call Imp          |       |       |     1 ||     1
   Stab: Confused          |       |     2 |    13 ||    15
         Sleeping          |       |       |     1 ||     1
 Armour: Robe              |    15 |    30 |    44 ||    89
  Dodge: Dodged            |    11 |    48 |    97 ||   156

Table legend: (Time is in decaauts)
 A = Elapsed time spent in this place.
 B = Non-inter-level travel time spent in this place.
 C = Inter-level travel time spent in this place.
 D = Time resting spent in this place.
 E = Time spent auto-exploring this place.
 F = Levels seen in this place.
 G = Mean time per level.
                   A        B        C        D        E       F      G
               +--------+--------+--------+--------+--------+-----+--------+
         Total |   5487 |   5384 |    103 |    252 |   3986 |   8 |  685.9 |
       Dungeon |   5086 |   4983 |    103 |    245 |   3673 |   6 |  847.7 |
        Temple |     11 |     11 |      0 |      0 |      0 |   1 |   11.0 |
         Sewer |    389 |    389 |      0 |      7 |    313 |   1 |  389.0 |
               +--------+--------+--------+--------+--------+-----+--------+

Top non-repeatable levels by time:
     D:3: 1257 daAuts
     D:5: 978 daAuts
     D:4: 847 daAuts
     D:2: 733 daAuts
     D:1: 733 daAuts
     D:6: 535 daAuts
   Sewer: 389 daAuts
  Temple: 11 daAuts
